 Dungeon Crawl Stone Soup version 0.17.0-24-gcfadda4 (console) character file.

1182 Kloppie the Grappler (level 8, -18/61 HPs)
             Began as a Ghoul Skald on Nov 17, 2015.
             Was a Follower of Ashenzari.
             Demolished by a hill giant
             ... wielding a +0 giant club
              (28 damage)
             ... on level 6 of the Dungeon.
             The game lasted 00:14:14 (5500 turns).

Kloppie the Grappler (Ghoul Skald)                  Turns: 5500, Time: 00:14:14

Health: -18/61     AC:  8    Str: 16    XL:     8   Next: 42%
Magic:  2/9        EV: 10    Int:  8    God:    Ashenzari [*.....]
Gold:   274        SH:  0    Dex:  9    Spells: 3 memorised, 4 levels left

rFire  . . .     SeeInvis +       - Unarmed
rCold  + + .     Clarity  .     k - +0 ring mail {rC+} (curse)
rNeg   + + +     SustAt   .     (no shield)
rPois  ∞         Gourm    .     i - +0 helmet
rElec  .         Spirit   .     (no cloak)
rCorr  .         Warding  .     (no gloves)
rMut   .         Stasis   .     t - +1 pair of boots (curse)
MR     .....                    (no amulet)
Stlth  ..........               (no ring)
                                u - ring of see invisible (curse)

@: infused (expiring), rotting, not resistant to hostile enchantments, extremely
unstealthy
A: rotting body, claws 1, carnivore 3, cold resistance 1, negative energy
resistance 3, slow regeneration 1, torment resistance, unbreathing
a: Scrying, Renounce Religion


You were on level 6 of the Dungeon.
You worshipped Ashenzari.
Ashenzari was aware of your devotion.
You were not hungry.

You visited 1 branch of the dungeon, and saw 6 of its levels.

You collected 274 gold pieces.

Inventory:

Hand Weapons
 b - a +0 blowgun
Missiles
 e - 44 poisoned needles
Armour
 i - a +0 helmet (worn)
 k - a cursed +0 ring mail of cold resistance (worn)
 t - a cursed +1 pair of boots (worn)
Jewellery
 u - a cursed ring of see invisible (left claw)
 v - an uncursed amulet of resist mutation
Wands
 y - a wand of paralysis (0)
 z - a wand of disintegration (18)
Scrolls
 h - 3 scrolls of enchant weapon
 r - 2 scrolls of magic mapping
 x - 5 scrolls of curse jewellery
 B - a scroll of fog
 C - a scroll of teleportation
Potions
 d - 3 potions of heal wounds
 f - a potion of resistance
 j - a potion of agility
 l - a potion of haste
 m - a potion of magic
 n - a potion of mutation
 o - 5 potions of curing
 p - a potion of cancellation
 q - a potion of flight
 A - 2 potions of invisibility {unknown}
Books
 g - a book of Battle

   Spells                             Type                      Level
   a - Infusion                       Charms                       1
   b - Shroud of Golubria             Charms/Translocation         2
   c - Song of Slaying                Charms                       2
   d - Spectral Weapon                Hexes/Charms                 3
   e - Regeneration                   Charms/Necromancy            3
 s - a book of Hinderance

   Spells                             Type                      Level
   a - Confusing Touch                Hexes                        2
   b - Confuse                        Hexes                        3
   c - Gell's Gravitas                Hexes/Translocation          3
   d - Petrify                        Transmutation/Earth          4
   e - Metabolic Englaciation         Hexes/Ice                    5
Comestibles
 a - 2 slices of pizza
 c - 4 meat rations
 w - 2 beef jerkies


   Skills:
 - Level 2.1 Fighting
 - Level 0.8 Armour
 - Level 0.8 Dodging
 + Level 8.5 Unarmed Combat
 - Level 1.7 Spellcasting
 + Level 6.3 Charms


You had 4 spell levels left.
You knew the following spells:

 Your Spells              Type           Power        Failure   Level  Hunger
a - Infusion              Chrm           ##....       8%          1    ##.....
b - Shroud of Golubria    Chrm/Tloc      #.........   30%         2    ###....
c - Regeneration          Chrm/Necr      #.........   63%         3    ####...


Dungeon Overview and Level Annotations

Branches:
Dungeon (6/15)
 Temple: D:4-7

Altars:
Ashenzari
Cheibriados
Dithmenos
Fedhas
Okawaru
Sif Muna
Trog
Xom

Shops:
D:4 (   D:5 }   D:6 :


Innate Abilities, Weirdness & Mutations

Your body is rotting away.
You thrive on raw meat.
You are immune to poison.
You have sharp fingernails.
You are carnivorous and can eat meat at any time.
Your flesh is cold resistant.
You are immune to negative energy.
You regenerate slowly when monsters are visible.
You are immune to unholy pain and torment.
You can survive without breathing.


Message History

You completely miss the hill giant.
The hill giant is moderately wounded.
The hill giant hits you with a giant club!
You claw the hill giant!
The hill giant is heavily wounded.
You claw the hill giant!
You claw the hill giant, but do no damage.
The hill giant is heavily wounded.
The hill giant barely misses you.
You scratch the hill giant.
The hill giant is severely wounded.
Your magical infusion is running out.
The hill giant hits you with a giant club!!
* * * LOW HITPOINT WARNING * * *
You claw the hill giant!
The hill giant is severely wounded.
You claw the hill giant!
The hill giant is almost dead.
The hill giant hits you with a giant club!!
You die...

###############
.............)#
#############.#####
#...(.## #......#
#......#
.....##..[#
#.#.####@..# #.
#.C.## # #...#
#...#######...
#......∩%C...o
#....#########
!........
#######.## #.#


You could see a hill giant.

Vanquished Creatures
  Edmund (D:4)
  A sky beast (D:5)
  3 phantoms
  2 ogres
  2 jellies
  A gnoll shaman (D:4)
  A hound (D:5)
  A giant frog skeleton (D:4)
  An orc priest (D:6)
  An orc wizard (D:6)
  6 worker ants
  10 adders
  A shadow imp (D:5)
  An adder zombie (D:5)
  An ooze (D:1)
  A worm (D:4)
  2 giant geckos
  4 orcs
  5 giant cockroaches
  7 goblins
  3 hobgoblins
  16 jackals
  2 quokkas
  A ball python skeleton (D:4)
  8 bats
  A giant gecko skeleton (D:4)
  3 giant newts
  A jackal zombie (D:5)
  5 kobolds
  A quokka skeleton (D:5)
  4 rats
97 creatures vanquished.

Vanquished Creatures (others)
  A wizard (D:5)
1 creature vanquished.

Grand Total: 98 creatures vanquished

Notes
Turn   | Place    | Note
--------------------------------------------------------------
     0 | D:1      | Kloppie the Ghoul Skald began the quest for the Orb.
     0 | D:1      | Reached XP level 1. HP: 17/17 MP: 2/2
   314 | D:1      | Reached XP level 2. HP: 22/24 MP: 3/3
   330 | D:1      | Reached skill level 3 in Unarmed Combat
   348 | D:1      | Found a shimmering altar of Xom.
   566 | D:1      | Reached XP level 3. HP: 26/29 MP: 4/4
   796 | D:2      | Reached skill level 4 in Unarmed Combat
   842 | D:2      | You fall through a shaft for 2 floors!
   847 | D:4      | Noticed Edmund
   928 | D:3      | Found a shattered altar of Ashenzari.
   940 | D:3      | Became a worshipper of Ashenzari the Shackled
   953 | D:2      | Found a deep blue altar of Sif Muna.
  1133 | D:3      | Found a blossoming altar of Fedhas.
  1292 | D:3      | Found a faded altar to an unknown god.
  1388 | D:2      | Learned a level 2 spell: Shroud of Golubria
  1417 | D:2      | Found a shadowy altar of Dithmenos.
  1476 | D:2      | Reached XP level 4. HP: 36/36 MP: 5/5
  1485 | D:2      | Learned a level 3 spell: Regeneration
  2339 | D:3      | Reached skill level 5 in Unarmed Combat
  2380 | D:3      | Reached XP level 5. HP: 36/39 MP: 6/6
  2997 | D:4      | Noticed a phantom
  3012 | D:5      | Entered Level 5 of the Dungeon
  3125 | D:5      | Reached XP level 6. HP: 41/47 MP: 7/7
  3211 | D:5      | Noticed a sky beast
  3228 | D:5      | Killed a sky beast
  3228 | D:5      | Reached skill level 6 in Unarmed Combat
  3391 | D:5      | Reached * piety under Ashenzari
  3394 | D:5      | Noticed an ogre
  3409 | D:5      | Killed an ogre
  3559 | D:5      | Reached XP level 7. HP: 55/55 MP: 8/8
  3755 | D:5      | Found a bloodstained altar of Trog.
  3756 | D:5      | Noticed a wizard
  3762 | D:5      | Killed a wizard
  3858 | D:5      | Found Suript's Gadget Boutique.
  4268 | D:4      | Killed a phantom
  4268 | D:4      | Reached skill level 7 in Unarmed Combat
  4440 | D:4      | Found Vevyag's Antique Weapon Shop.
  4483 | D:4      | Found an iron altar of Okawaru.
  4540 | D:4      | Reached skill level 5 in Charms
  4636 | D:4      | Found a snail-covered altar of Cheibriados.
  4777 | D:4      | Killed Edmund
  4819 | D:4      | Noticed an ogre
  4823 | D:4      | Killed an ogre
  4823 | D:4      | Reached XP level 8. HP: 36/61 MP: 9/9
  4892 | D:4      | Found an iron altar of Okawaru.
  5275 | D:6      | Reached skill level 8 in Unarmed Combat
  5368 | D:6      | HP: 3/61 [orc priest/divine providence (8)]
  5477 | D:6      | Found Deong's Book Shoppe.
  5480 | D:6      | Noticed a hill giant
  5500 | D:6      | Demolished by a hill giant

Action                   |  1- 3 |  4- 6 |  7- 9 || total
-------------------------+-------+-------+-------++-------
Melee: Unarmed           |   128 |   144 |   200 ||   472
 Fire: Blowgun           |       |     2 |       ||     2
 Cast: Infusion          |       |     3 |     7 ||    10
Evoke: Wand              |       |       |     2 ||     2
  Use: Scroll            |       |    13 |     9 ||    22
       Potion            |       |       |     1 ||     1
  Eat: Chunk             |    10 |    10 |    14 ||    34
